 Dungeon Sprint DCSS version 0.30-a0-29-g142975f185 (webtiles) character file.

Game seed: 534837311199102010

767 enile the Fighter (level 8, -26/58 HPs)
             Began as a Kobold Brigand on Aug 27, 2022.
             Was a Follower of Uskayaw.
             Annihilated by a cyclops (32 damage)
             ... in the Dungeon (Sprint IX: "|||||||||||||||||||||||||||||").
             The game lasted 00:04:16 (924 turns).

enile the Fighter (Kobold Brigand)                   Turns: 924, Time: 00:04:17

Health: -26/58     AC:  5    Str:  9    XL:     8   Next: 9%
Magic:  14/14      EV: 23    Int: 12    God:    Uskayaw [*.....]
Gold:   0          SH:  0    Dex: 18    Spells: 7/7 levels left

rFire   . . .      SeeInvis .    a - +2 dagger
rCold   . . .      Faith    .    (no shield)
rNeg    . . .      Spirit   .    b - +0 robe
rPois   .          Reflect  .    (no helmet)
rElec   .          Harm     .    c - +0 cloak
rCorr   .          Rampage  .    v - +0 pair of gloves
Will    .....      NoTele   +    u - +0 pair of boots
Stlth   ++++++....               (no amulet)
HPRegen 0.19/turn                t - +2 ring of evasion
MPRegen 0.14/turn                (no ring)

@: hasted, very quick
A: small, no large weapons, nightstalker 3
a: Renounce Religion, Stomp


You were in the Dungeon.
You worshipped Uskayaw.
Uskayaw was aware of your devotion.
You visited 1 branch

Inventory:

Hand Weapons
 a - a +2 dagger (weapon)
 o - a +1 broad axe of freezing
 p - a +0 lajatang
 q - a +2 rapier of distortion
 r - a +2 scimitar of flaming
Missiles
 d - 9 poisoned darts (quivered)
Armour
 b - a +0 robe (worn)
 c - a +0 cloak (worn)
 u - a +0 pair of boots (worn)
 v - a +0 pair of gloves (worn)
Jewellery
 s - a +3 ring of intelligence
 t - a +2 ring of evasion (left hand)
Wands
 n - a wand of iceblast (7)
Scrolls
 m - 2 scrolls of amnesia
Potions
 f - 5 potions of curing
 i - 4 potions of magic
 j - a potion of berserk rage


   Skills:
 + Level 10.5 Fighting
 - Level 5.0 Short Blades
 - Level 3.0 Throwing
 - Level 10.0 Dodging
 - Level 10.0 Stealth
 - Level 8.0 Invocations
 - Level 5.0 Evocations


You had 7 spell levels left.
You didn't know any spells.
Your spell library was empty.

Dungeon Overview and Level Annotations

Branches:
Dungeon (1/1)

Altars:
Cheibriados
Dithmenos
Elyvilon
Fedhas
Gozag
Hepliaklqana
Kikubaaqudgha
Makhleb
Nemelex Xobeh
Okawaru
Qazlal
Ru
Sif Muna
Trog
Uskayaw
Vehumet
Wu Jian
Xom
Yredelemnul
Zin
The Shining One
Jiyva
Lugonu


Innate Abilities, Weirdness & Mutations

You are small and have problems with some larger weapons.
You are completely attuned to the shadows.


Message History

The catoblepas is poisoned.
The catoblepas convulses.
The catoblepas seems to slow down.
The catoblepas is lightly wounded.
You are engulfed in calcifying dust.
Your limbs have turned to stone.
The catoblepas gores you!
* * * LOW HITPOINT WARNING * * *
You have turned to stone.
You are engulfed in calcifying dust.
The ynoxinul gestures.
The catoblepas breathes a plume of calcifying dust at you.
The blast of calcifying dust hits you!
* * * LOW HITPOINT WARNING * * *
The catoblepas barely misses you.
The ynoxinul gestures.
The catoblepas breathes a plume of calcifying dust at you.
The blast of calcifying dust hits you.
* * * LOW HITPOINT WARNING * * *
You are engulfed in calcifying dust.
The ynoxinul gestures.
The catoblepas gores you!
* * * LOW HITPOINT WARNING * * *
You are engulfed in calcifying dust.
The sixfirhy disappears in a puff of smoke!
You are engulfed in calcifying dust.
The catoblepas breathes a plume of calcifying dust at you.
The blast of calcifying dust hits you.
* * * LOW HITPOINT WARNING * * *
You are engulfed in calcifying dust.
The kobold demonologist is no longer petrified.
The catoblepas gores you.
You turn to flesh and can move again.
Unknown command.
Unknown command.
Blink to where?
Press: ? - help, Dir - move target, p - catoblepas A hornet comes into view.
As you read the scroll of blinking, it crumbles to dust.
The cyclops hits you!!
Ouch! That really hurt!
You die... ▓▓▓▓▓▓▓▓▓▓▓▓▓▓▓▓▓▓▓▓▓ '..)...[.§§§§YK3@C55y ▓▓▓▓▓▓▓▓▓▓▓▓▓▓▓▓▓▓▓▓▓

You could see a catoblepas (poisoned, slow), a cyclops, a kobold demonologist, a hornet (wandering), a ynoxinul (summoned) and 2 ufetubi.

Vanquished Creatures
  A wyvern (D)
  A yak (D)
  An acid dragon (D)
  An orc warrior (D)
  A centaur (D)
  A scorpion (D)
  A necrophage (D)
  A hound (D)
  An orc wizard (D)
  An adder (D)
  A dart slug (D)
  An orc (D)
  A bat (D)
  A goblin (D)
  A kobold (D)
  A rat (D)
16 creatures vanquished.

Notes
Turn   | Place    | Note
-------+----------+-------------------------------------------
     0 | D        | enile the Kobold Brigand began the quest for the Orb.
     0 | D        | Reached XP level 1. HP: 12/12 MP: 1/1
    56 | D        | Noticed a scorpion
    58 | D        | Noticed a hound
    63 | D        | Killed a scorpion
    64 | D        | Reached skill level 5 in Dodging
    64 | D        | Reached XP level 2. HP: 19/22 MP: 2/2
    64 | D        | Reached XP level 3. HP: 23/27 MP: 3/3
    64 | D        | Reached XP level 4. HP: 27/32 MP: 4/4
    68 | D        | Noticed a necrophage
    86 | D        | Reached XP level 5. HP: 26/36 MP: 5/5
   100 | D        | Reached skill level 10 in Dodging
   288 | D        | Found a snail-covered altar of Cheibriados.
   288 | D        | Found a shadowy altar of Dithmenos.
   289 | D        | Found a white marble altar of Elyvilon.
   290 | D        | Found a blossoming altar of Fedhas.
   291 | D        | Found an opulent altar of Gozag.
   292 | D        | Found a hazy altar of Hepliaklqana.
   293 | D        | Found a viscous altar of Jiyva.
   294 | D        | Found an ancient bone altar of Kikubaaqudgha.
   295 | D        | Found a corrupted altar of Lugonu.
   296 | D        | Found a burning altar of Makhleb.
   297 | D        | Found a sparkling altar of Nemelex Xobeh.
   298 | D        | Found an iron altar of Okawaru.
   299 | D        | Found a stormy altar of Qazlal.
   300 | D        | Found a sacrificial altar of Ru.
   301 | D        | Found a shimmering blue altar of Sif Muna.
   302 | D        | Found a bloodstained altar of Trog.
   303 | D        | Found a hide-covered altar of Uskayaw.
   304 | D        | Found a radiant altar of Vehumet.
   305 | D        | Found an ornate altar of the Wu Jian Council.
   306 | D        | Found a shimmering altar of Xom.
   307 | D        | Found a basalt altar of Yredelemnul.
   308 | D        | Found a glowing silver altar of Zin.
   309 | D        | Found a glowing golden altar of the Shining One.
   322 | D        | Became a worshipper of Uskayaw the Reveller
   366 | D        | Noticed a yak
   366 | D        | Noticed a centaur
   366 | D        | Noticed an acid dragon
   367 | D        | Noticed an orc warrior
   373 | D        | Reached * piety under Uskayaw
   375 | D        | Reached ** piety under Uskayaw
   385 | D        | Reached *** piety under Uskayaw
   386 | D        | Killed a yak
   387 | D        | Reached skill level 10 in Fighting
   387 | D        | Reached XP level 6. HP: 13/48 MP: 5/8
   395 | D        | Reached **** piety under Uskayaw
   402 | D        | Reached XP level 7. HP: 32/52 MP: 6/11
   407 | D        | Noticed a wyvern
   417 | D        | Killed an acid dragon
   417 | D        | Reached ***** piety under Uskayaw
   418 | D        | Reached skill level 5 in Evocations
   734 | D        | Reached skill level 5 in Short Blades
   760 | D        | Killed a wyvern
   761 | D        | Reached skill level 10 in Stealth
   761 | D        | Reached XP level 8. HP: 39/58 MP: 14/14
   896 | D        | Noticed a kobold demonologist
   896 | D        | Noticed a catoblepas
   896 | D        | Noticed a cyclops
   905 | D        | Noticed a sixfirhy
   908 | D        | Noticed a ynoxinul
   924 | D        | Noticed a hornet
   924 | D        | Annihilated by a cyclops

Illustrated notes

Levels and vault maps discovered:
D:        linesprint [early_d, line_temple, items_1, d_10, items_2, lair_1,
          lair_end, items_3, orc_1, orc_end, items_4, d_15, swamp_1, shoals_1,
          snake_1, spider_1, d_20, vaults_1, items_5, swamp_end, shoals_end,
          snake_end, spider_end, vaults_end, d_27, items_6, zot_1, zot_end,
          crypt_end, forest_end, elf_end, slime_end, tomb_end, abyss_end,
          pan_hell_end]

Skill      XL: |  1  2  3  4  5  6  7 |
---------------+----------------------+-----
Stealth        | 7 10 | 10.0
Fighting       | 6 10 | 10.5
Dodging        | 5 7 10 | 10.0
Throwing       | 3 |  3.0
Invocations    | 2 6 8 |  8.0
Evocations     | 2 5 |  5.0
Short Blades   | 5 |  5.0

Action                   |  1- 3 |  4- 6 |  7- 9 || total
-------------------------+-------+-------+-------++-------
Melee: Dagger            |    15 |    69 |    44 ||   128
       Punch             |     1 |       |       ||     1
Throw: Dart              |     5 |       |     3 ||     8
Evoke: Wand              |       |       |     3 ||     3
  Use: Potion            |       |     1 |     4 ||     5
       Scroll            |       |       |     2 ||     2
 Stab: Paralysed         |       |     1 |       ||     1
Armor: Robe              |     6 |    10 |     3 ||    19
Dodge: Dodged            |    13 |    64 |    34 ||   111

Table legend: (Time is in decaauts)
 A = Elapsed time spent in this place.
 B = Non-inter-level travel time spent in this place.
 C = Inter-level travel time spent in this place.
 D = Time resting spent in this place.
 E = Time spent auto-exploring this place.
 F = Levels seen in this place.
 G = Mean time per level.
                   A        B        C        D        E       F      G
               +--------+--------+--------+--------+--------+-----+--------+
         Total |    903 |    903 |      0 |     33 |    577 |   1 |  903.0 |
       Dungeon |    903 |    903 |      0 |     33 |    577 |   1 |  903.0 |
               +--------+--------+--------+--------+--------+-----+--------+

Top non-repeatable levels by time:
       D: 903 daAuts
